 Dungeon Crawl Stone Soup version 0.26.0-20-g3ca415f5b8 (webtiles) character file.

Game seed: 3902087835286380072

961 Majorwet the Cleaver (level 8, 0/68 HPs)
             Began as a Hill Orc Fighter on Jan 25, 2021.
             Succumbed to a hornet's poison
             ... on level 7 of the Dungeon.
             The game lasted 00:16:23 (5665 turns).

Majorwet the Cleaver (Hill Orc Fighter)             Turns: 5665, Time: 00:16:24

Health: 0/68       AC: 15    Str: 21    XL:     8   Next: 15%
Magic:  8/8        EV:  5    Int:  8    God:
Gold:   220        SH:  9    Dex: 10    Spells: 7/7 levels left

rFire    . . .     SeeInvis .   a - +0 war axe
rCold    . . .     Faith    .   c - +0 kite shield
rNeg     . . .     Spirit   .   l - +2 chain mail {Will+}
rPois    .         Reflect  .   A - +1 helmet
rElec    .         Harm     .   b - +0 cloak
rCorr    .         Rampage  .   (no gloves)
Will     ++...                  (no boots)
Stlth    ..........             (no amulet)
HPRegen  0.21/turn              o - ring of willpower
MPRegen  0.11/turn              (no ring)

@: lethally poisoned (0 -> -2)
A: no striking features
a: no special abilities


You were on level 7 of the Dungeon.
You visited 1 branch of the dungeon, and saw 7 of its levels.

You collected 220 gold pieces.

Inventory:

Hand Weapons
 a - a +0 war axe (weapon)
 f - a +1 spear of venom
 z - a +2 antimagic short sword
 B - the +5 whip "Acarine's Bane" {antimagic, rC- Str+4 Dex+2, unknown}
   (You found it on level 5 of the Dungeon)

   It reduces the magical energy of the wielder, and disrupts the spells and
   magical abilities of those hit.
   Natural abilities and divine invocations are not affected.
   It affects your strength (+4).
   It affects your dexterity (+2).
   It makes you vulnerable to cold.
Armour
 b - a +0 cloak (worn)
 c - a +0 kite shield (worn)
 l - a +2 chain mail of willpower (worn)
 A - a +1 helmet (worn)
Magical Staves
 C - an uncursed staff of fire {unknown}
Jewellery
 o - a ring of willpower (left hand)
 D - the ring "Qexegg" {rC+ Str+5 Dex+3, unknown}
   (You found it on level 7 of the Dungeon)

   [ring of protection from cold]

   It affects your strength (+5).
   It affects your dexterity (+3).
   It protects you from cold.
Wands
 e - a wand of acid (7)
 s - a wand of digging (5)
 u - a wand of iceblast (8) (quivered)
Scrolls
 i - a scroll of random uselessness {unknown}
 k - a scroll of teleportation
 m - 5 scrolls of remove curse
 n - 2 scrolls of enchant weapon
 p - 2 scrolls of fear {unknown}
 q - 3 scrolls of amnesia
 w - a scroll of fog {unknown}
 x - a scroll of magic mapping {unknown}
 y - a scroll of enchant armour {unknown}
Potions
 d - 2 potions of might
 g - a potion of mutation {unknown}
 h - 3 potions of haste {unknown}
 j - 5 potions of brilliance {unknown}
 r - a potion of lignification {unknown}
 t - 3 potions of curing {unknown}
 v - a potion of cancellation {unknown}


   Skills:
 + Level 5.1 Fighting
 * Level 9.7 Axes
 + Level 4.8 Armour
 + Level 0.1 Stealth
 + Level 4.7 Shields
 + Level 0.8 Evocations


You had 7 spell levels left.
You didn't know any spells.
Your spell library contained the following spells:

 Spells                   Type           Power        Failure   Level
 Sandblast                Erth           0%           100%        1
 Passwall                 Tmut/Erth      0%           100%        2
 Stone Arrow              Conj/Erth      0%           100%        3
 Petrify                  Tmut/Erth      0%           100%        4
 Lee's Rapid Deconstruct  Erth           0%           100%        5


Dungeon Overview and Level Annotations

Branches:
Dungeon (6/15)             Temple (0/1) D:4

Altars:
Trog

Shops:
D:7 =

Annotations:
D:5 2 transporters


Message History

Found a stone staircase leading down.
* * * LOW HITPOINT WARNING * * *
You feel sick.
* * * LOW HITPOINT WARNING * * *
You feel sick.
An orc comes into view.
It is wielding a +1 short sword of venom.
* * * LOW HITPOINT WARNING * * *
You feel sick.
* * * LOW HITPOINT WARNING * * *
You feel sick.
* * * LOW HITPOINT WARNING * * *
You feel sick.
You feel yourself speed up.
* * * LOW HITPOINT WARNING * * *
You feel sick.
* * * LOW HITPOINT WARNING * * *
You feel sick.
* * * LOW HITPOINT WARNING * * *
You feel sick.
You die...

....
#...............
....
#...............
....
#.........>...##
?.(.
+...............
....
#.......o.......
....
#...............
....
#.##............
....
+####..#............
.##
.......@............
..
######.##...........
#. ............
###############


You could see an orc.

Vanquished Creatures
  An ogre (D:6)
  A scorpion (D:4)
  A howler monkey (D:4)
  A bullfrog zombie (D:5)
  A quasit (D:5)
  2 hounds
  3 orc priests
  Crazy Yiuf (D:5)
  2 jellies
  Ijyb (D:4)
  2 worker ants
  3 orc wizards
  2 hound skeletons
  A worker ant zombie (D:5)
  7 gnolls (D:4)
  9 adders
  4 oozes
  An adder skeleton (D:5)
  2 worms (D:2)
  2 dart slugs
  2 leopard geckos
  14 orcs
  5 giant cockroaches
  11 goblins
  11 hobgoblins
  18 jackals
  5 kobolds
  4 quokkas
  A ball python (D:2)
  6 bats
  4 frilled lizards
  A leopard gecko zombie (D:6)
  11 rats
140 creatures vanquished.

Notes
Turn   | Place    | Note
-------+----------+-------------------------------------------
     0 | D:1      | Majorwet the Hill Orc Fighter began the quest for the Orb.
     0 | D:1      | Reached XP level 1. HP: 19/19 MP: 1/1
   257 | D:1      | Reached XP level 2. HP: 23/27 MP: 2/2
   263 | D:1      | Reached skill level 3 in Axes
   445 | D:1      | Reached XP level 3. HP: 33/33 MP: 3/3
   587 | D:1      | Reached skill level 4 in Axes
  1091 | D:2      | Reached XP level 4. HP: 37/40 MP: 4/4
  1363 | D:2      | Reached skill level 5 in Axes
  1640 | D:2      | Reached XP level 5. HP: 46/46 MP: 5/5
  2491 | D:3      | Reached skill level 6 in Axes
  2970 | D:4      | Found a staircase to the Ecumenical Temple.
  2985 | D:4      | Reached XP level 6. HP: 44/52 MP: 6/6
  3308 | D:4      | Reached skill level 7 in Axes
  3394 | D:4      | Noticed Ijyb
  3400 | D:4      | Killed Ijyb
  4145 | D:4      | Reached skill level 8 in Axes
  4145 | D:4      | Reached XP level 7. HP: 42/60 MP: 7/7
  4450 | D:5      | Entered Level 5 of the Dungeon
  4459 | D:5      | Got a steaming whip
  4463 | D:5      | Found a transporter.
  4465 | D:5      | Found a transporter.
  4554 | D:5      | Found a bloodstained altar of Trog.
  4896 | D:5      | Found a runed translucent door.
  4897 | D:5      | Noticed Crazy Yiuf
  5011 | D:5      | Reached skill level 9 in Axes
  5170 | D:5      | Killed Crazy Yiuf
  5383 | D:6      | Reached XP level 8. HP: 66/67 MP: 8/8
  5416 | D:6      | Reached skill level 5 in Fighting
  5635 | D:6      | You fall into a shaft and drop 1 floor!
  5638 | D:7      | Got a smoking pewter ring
  5651 | D:7      | Found Qeun's Jewellery Boutique.
  5651 | D:7      | Noticed a hornet
  5657 | D:7      | HP: 3/68 [poisoned by a hornet]
  5661 | D:7      | HP: 1/68 [poisoned by a hornet]
  5665 | D:7      | Succumbed to a hornet's poison

Illustrated notes

Levels and vault maps discovered:
D:1:      wander_arrival_desolate, layout_basic
D:2:      minmay_evil_eye, layout_basic, minivault_23
D:3:      layout_basic
D:4:      layout_basic, temple_green, small_statue_intersection, uniq_ijyb
D:5:      gammafunk_steamed_eel, layout_rooms, bloody_trog,
          uniq_crazy_yiuf_cottage
D:6:      layout_basic, lemuel_coloured_pillars_altar
D:7:      lemuel_castle_with_subvaults [lemuel_castle_interior_carwin_2],
          layout_basic, grunt_temple_overflow_open, serial_shops, shop,
          minivault_27, kennysheep_small_square

Skill      XL: |  1  2  3  4  5  6  7  8 |
---------------+-------------------------+-----
Axes           | 3 4 5 6 8 9 |  9.7
Fighting       | 4 5 |  5.1
Armour         | 4 |  4.8
Shields        | 4 |  4.7
Stealth        | |  0.1
Evocations     | |  0.8

Action                   |  1- 3 |  4- 6 |  7- 9 || total
-------------------------+-------+-------+-------++-------
Melee: War axe           |   114 |   252 |   153 ||   519
Evoke: Wand              |       |       |     5 ||     5
  Use: Scroll            |       |     2 |     7 ||     9
Armor: Scale mail        |    77 |       |       ||    77
       Chain mail        |       |   167 |   104 ||   271
Dodge: Dodged            |    49 |    74 |    33 ||   156
Block: Kite shield       |    69 |   128 |    70 ||   267
